[Event "Austrian Women Bundesliga 2023-24"]
[Site "Austria"]
[Date "2024.03.22"]
[Round "4.1"]
[White "Brunello, Marina"]
[Black "Unuk, Laura"]
[Result "1/2-1/2"]
[ECO "C55"]
[WhiteElo "2358"]
[BlackElo "2341"]
[Annotator "TA"]
[PlyCount "71"]
[EventDate "2023.11.21"]
[EventType "team-tourn"]
[EventCountry "AUT"]
[SourceTitle "playchess.com"]
[Source "ChessBase"]
[SourceQuality "1"]
[TimeControl "40/5400+30:1800+30"]

1. e4 e5 2. Nf3 Nc6 3. Bc4 Nf6 4. d3 Be7 5. c3 O-O 6. Bb3 d5 7. Nbd2 h6 8. O-O Be6 9. Re1 Bd6 10. Nf1 dxe4 11. dxe4 Bxb3 12. Qxb3 Qc8 13. a4 a5 14. N1d2 Bc5 15. Qb5 Ba7 16. h3 Qe6 17. Nc4 Nd7 18. Ne3 (18. Nxa5 $2 {is the wrong capture.} Nxa5 19. Be3 Nc4 20. Bxa7 Rxa7 $19) 18... Bxe3 19. Bxe3 b6 20. Nd2 Nf6 21. f3 Rfd8 22. Qc4 Qe8 23. Rad1 Nh5 24. Nb1 Nf4 25. Na3 Ne6 26. Rd5 Kh7 27. Qb3 Rac8 28. Red1 {[%emt 0:00:31] White has more active pieces.} f6 29. R1d2 Ne7 30. Rxd8 Nxd8 31. Nb5 Ng6 32. Qd1 {[%emt 0:00:31][%cal Ob5c7] [#] And now Nxc7! would win.} Ne6 33. Rd7 Ngf8 34. Rd2 {The position is equal.} Ng6 35. Rd7 Ngf8 36. Rd2 {Weighted Error Value: White=0.08 (flawless) /Black=0.07 (flawless) .  Inaccurate:     	White=2     	Black=1      OK:         	White=8     	Black=12} 1/2-1/2

[Event "Austrian Women Bundesliga 2023-24"]
[Site "Austria"]
[Date "2024.03.22"]
[Round "4.2"]
[White "Hrescak, Ivana"]
[Black "Gueci, Tea"]
[Result "0-1"]
[ECO "A06"]
[WhiteElo "2089"]
[BlackElo "2193"]
[Annotator "RC"]
[PlyCount "66"]
[EventDate "2023.11.21"]
[EventType "team-tourn"]
[EventCountry "AUT"]
[SourceTitle "playchess.com"]
[Source "ChessBase"]
[SourceQuality "1"]
[TimeControl "40/5400+30:1800+30"]

1. Nf3 d5 2. g3 Nc6 3. d4 Bf5 4. a3 e6 5. Bg2 Be7 6. O-O h6 7. Re1 Nf6 8. c4 O-O 9. Qa4 Ne4 10. Bf4 g5 11. cxd5 exd5 12. Be3 Be6 13. Ne5 Nxe5 14. dxe5 Nc5 15. Bxc5 Bxc5 16. e3 c6 17. Nd2 Re8 18. Nf3 Bf8 19. Nd4 Bd7 20. Qb3 Qb6 21. Qxb6 axb6 22. f4 Bg7 23. Rad1 Rad8 24. a4 f6 25. exf6 Bxf6 26. Kf2 Kg7 27. b3 Re7 28. Bf3 Rde8 29. Bh5 Ra8 30. Be2 gxf4 31. exf4 Rae8 32. Nf3 Bc3 33. Nd2 Bd4+ 0-1

[Event "Austrian Women Bundesliga 2023-24"]
[Site "Austria"]
[Date "2024.03.22"]
[Round "4.3"]
[White "Khrapko, Marharyta"]
[Black "Vidic, Teja"]
[Result "1/2-1/2"]
[ECO "C70"]
[WhiteElo "2218"]
[BlackElo "2125"]
[Annotator "RC"]
[PlyCount "45"]
[EventDate "2023.11.21"]
[EventType "team-tourn"]
[EventCountry "AUT"]
[SourceTitle "playchess.com"]
[Source "ChessBase"]
[SourceQuality "1"]
[TimeControl "40/5400+30:1800+30"]

1. e4 e5 2. Nf3 Nc6 3. Bb5 a6 4. Ba4 Bc5 5. O-O Nge7 6. c3 Ng6 7. d4 Ba7 8. Bg5 f6 9. Be3 O-O 10. d5 Nce7 11. d6 cxd6 12. Qxd6 Bxe3 13. fxe3 b5 14. Bb3+ Kh8 15. h4 Bb7 16. h5 Nc8 17. Qd3 Nge7 18. Nbd2 Nb6 19. Qd6 Nbc8 20. Qd3 Nb6 21. Qd6 Nbc8 22. Qd3 Nb6 23. Qd6 1/2-1/2

[Event "Austrian Women Bundesliga 2023-24"]
[Site "Austria"]
[Date "2024.03.22"]
[Round "4.4"]
[White "Kolba, Anastasiya"]
[Black "Stangl, Anita"]
[Result "1-0"]
[ECO "D36"]
[WhiteElo "2031"]
[BlackElo "2070"]
[Annotator "RC"]
[PlyCount "61"]
[EventDate "2023.11.21"]
[EventType "team-tourn"]
[EventCountry "AUT"]
[SourceTitle "playchess.com"]
[Source "ChessBase"]
[SourceQuality "1"]
[TimeControl "40/5400+30:1800+30"]

1. d4 e6 2. c4 d5 3. Nc3 c6 4. cxd5 exd5 5. Qc2 Nf6 6. Bg5 Be7 7. e3 O-O 8. Bd3 h6 9. Bh4 b6 10. Nf3 Ba6 11. Ne5 Bxd3 12. Qxd3 Nfd7 13. Bxe7 Qxe7 14. f4 Nxe5 15. dxe5 Nd7 16. O-O f6 17. Rad1 Nc5 18. Qg6 Rac8 19. b4 Nd7 20. b5 Qc5 21. Rd3 Qc4 22. Rc1 Rfe8 23. Rdd1 fxe5 24. Nxd5 Qxb5 25. Nc7 Nf8 26. Qxe8 Rxc7 27. fxe5 Qb4 28. Rf1 Qa3 29. Rcd1 Qxe3+ 30. Kh1 Qe2 31. Rxf8+ 1-0

[Event "Austrian Women Bundesliga 2023-24"]
[Site "Austria"]
[Date "2024.03.22"]
[Round "4.5"]
[White "Danielian, Elina"]
[Black "Mihelic, Vesna"]
[Result "1-0"]
[ECO "A06"]
[WhiteElo "2396"]
[BlackElo "2140"]
[Annotator "TA"]
[PlyCount "63"]
[EventDate "2023.11.21"]
[EventType "team-tourn"]
[EventCountry "AUT"]
[SourceTitle "playchess.com"]
[Source "ChessBase"]
[SourceQuality "1"]
[TimeControl "40/5400+30:1800+30"]

1. Nf3 d5 2. e3 Nf6 3. c4 e6 4. b3 Be7 5. Bb2 O-O 6. Be2 b6 7. Nc3 Bb7 8. Qc2 Nbd7 {[%emt 0:04:55] Die Stellung ist ausgeglichen.} 9. d3 c5 10. Rg1 Ne8 11. g4 Nd6 12. g5 Nf5 13. cxd5 exd5 14. d4 g6 (14... cxd4 $15 15. Qxf5 dxc3 16. Bxc3 g6) 15. dxc5 {[%emt 0:05:25][%cal Oc3d5] Nxd5! wäre nun fies.} Bxc5 (15... Rc8 $11) 16. O-O-O Rc8 17. Kb1 {[%emt 0:00:07][%cal Oc2d3] Schwarz muss nun Qd3! beachten.} (17. Nxd5 $2 Bxe3+ 18. Nxe3 Nxe3 (18... Rxc2+ $2 19. Nxc2 Qc7 20. Kb1 $19) 19. fxe3 Rxc2+ 20. Kxc2 Be4+ 21. Kd2 b5 $19) 17... Qe7 (17... Bb4 $11 {bleibt in der Remisbreite.}) 18. Qd3 ({Besser ist} 18. Nxd5 $16 Bxd5 19. Rxd5) 18... d4 $1 $14 19. Nxd4 Bxd4 (19... Nxd4 $11 {und Schwarz steht sicher.} 20. exd4 Bb4) 20. exd4 $18 Rxc3 (20... Rfd8 {war nötig.}) 21. Qxc3 {[%emt 0:00:03][%cal Od4d5] Zielt auf d5! ab.} (21. Bxc3 $2 Be4 22. Bb2 Re8 $19 (22... Bxd3+ $2 23. Bxd3 Re8 24. h3 $19)) 21... Qxe2 22. d5 f6 {[%emt 0:00:12] [#]} (22... Qxf2 23. Qh8#) 23. Rge1 $2 (23. gxf6 $1 $18 {Und Rde1 würde nun gewinnen.} Rc8 (23... Nxf6 $2 24. Rge1 $18) 24. Qh3) 23... Qxf2 24. Qc7 $40 {[%emt 0:04:02][%csl LRb7,LRd7][%mdl 128] Schwarz muss sich nun genau verteidigen.} Nc5 (24... Ne3 $1 $11 {und Schwarz ist OK.} 25. Rxe3 (25. Qxb7 {führt zum Matt.} Qf5+) (25. Qxd7 $2 Bc8 $19) 25... Qxe3 (25... Rc8 26. Re8+ Rxe8 27. Qxd7 $16) 26. Qxd7 (26. Qxb7 Nc5 $11) 26... Qe2) 25. gxf6 ({Schlechter ist} 25. Bxf6 Ba6 (25... Bxd5 $2 26. Bc3 $18) 26. Qe5 Nd3 27. Qe6+ Rf7 $11) 25... Rc8 $2 (25... Bxd5 26. f7+ Bxf7) 26. f7+ Kf8 27. Qe5 {[%emt 0:00:22] [#] jetzt Qe8+ und aus.} Kxf7 28. Qf6+ {[%emt 0:00:19] Weiß setzt Matt.} Kg8 29. Qh8+ Kf7 30. Qxh7+ Kf8 31. Qh8+ Kf7 32. Qf6+ {[%emt 0:00:02] Gewichteter Fehlerwert: Weiß=0.21 (präzise) /Schwarz=0.70.  Verlustzug:     	---       	Schwarz=2     Gewinn verpasst:   	Weiß=1     	---        Fehler:       	Weiß=1     	Schwarz=5     Ungenau:       	Weiß=2     	Schwarz=1     OK:         	Weiß=6     	Schwarz=2     Bester:       	Weiß=3     	Schwarz=2     Stark:        	---       	Schwarz=1} 1-0

[Event "Austrian Women Bundesliga 2023-24"]
[Site "Austria"]
[Date "2024.03.22"]
[Round "4.6"]
[White "Goeschl, Ortrun"]
[Black "Osmak, Yuliia"]
[Result "0-1"]
[ECO "A00"]
[WhiteElo "1952"]
[BlackElo "2452"]
[Annotator "TA"]
[PlyCount "90"]
[EventDate "2023.11.21"]
[EventType "team-tourn"]
[EventCountry "AUT"]
[SourceTitle "playchess.com"]
[Source "ChessBase"]
[SourceQuality "1"]
[TimeControl "40/5400+30:1800+30"]

1. Nc3 c5 2. Nf3 Nf6 3. d4 cxd4 4. Nxd4 d5 5. Bf4 Nbd7 {[%emt 0:15:22] ...e5 wäre nun fies.} 6. Nf3 e6 7. e3 Bb4 8. Bd3 {[%emt 0:03:03] Schwarz steht etwas besser.} O-O 9. O-O Nc5 10. Ne2 Bd7 11. Bxh7+ Nxh7 12. c3 Ba5 {[%emt 0:01:29] Und ...Bb6 würde nun gewinnen. Schwarz hat alles unter Kontrolle.} 13. b4 Ba4 (13... Rc8 {vereinfacht} 14. bxc5 Rxc5 15. Be5 Bb5) 14. Qb1 Bb5 15. Nfd4 {[%emt 0:01:06] [#]} (15. Qc2 $142) 15... Bxe2 $1 $17 16. Nxe2 {[%emt 0:00:26] [#]} Ne4 17. bxa5 Nd2 $36 {[%emt 0:00:07][%mdl 2048] Schwarz hat starke Initiative.} ({Und nicht} 17... Qxa5 18. Qxb7 Rfc8 19. Nd4 Qxc3 20. h3 $11) 18. Qxb7 Nxf1 19. Rxf1 Qxa5 20. Qb2 Rfc8 21. Rb1 Nf6 22. f3 (22. Be5 $142) 22... Nd7 $19 23. Qc2 Nb6 24. Kf2 Rc4 25. Bd6 Rac8 26. a3 Qa4 27. Qd3 Qc6 28. Bb4 Nd7 29. Qd1 Qc7 30. Qa4 Nc5 31. Qc2 Qxh2 32. Nf4 (32. Bxc5 $142 R8xc5 33. Rb7) 32... Qh7 33. Qd1 Qf5 34. Bxc5 R4xc5 35. Ne2 Qf6 36. g3 Qh6 37. Qg1 {[%emt 0:00:14] Pariert Qh2+.} (37. Qd3 $142) 37... Qh7 38. Rb2 R5c6 39. Kg2 Rb6 40. Qc1 (40. Rxb6 axb6 41. Qc1) 40... Rcb8 41. Rb4 a5 42. Rh4 Qb1 43. Ra4 Qd3 44. Nf4 Rb2+ 45. Kg1 Qh7 {[%emt 0:00:00] Gewichteter Fehlerwert: Weiß=0.73/Schwarz=0.35.  Fehler:       	Weiß=5     	---        Ungenau:       	Weiß=6     	---        OK:         	Weiß=10    	Schwarz=19    Bester:       	Weiß=1     	Schwarz=2     Stark:        	---       	Schwarz=1} 0-1

[Event "Austrian Women Bundesliga 2023-24"]
[Site "Austria"]
[Date "2024.03.22"]
[Round "4.7"]
[White "Ushenina, Anna"]
[Black "Tscharnuter, Alexandra"]
[Result "1-0"]
[ECO "E12"]
[WhiteElo "2415"]
[BlackElo "1842"]
[Annotator "TA"]
[PlyCount "71"]
[EventDate "2023.11.21"]
[EventType "team-tourn"]
[EventCountry "AUT"]
[SourceTitle "playchess.com"]
[Source "ChessBase"]
[SourceQuality "1"]
[TimeControl "40/5400+30:1800+30"]

1. d4 Nf6 2. Nf3 e6 3. c4 b6 4. a3 Be7 5. Nc3 Bb7 6. d5 O-O 7. g3 d6 8. Bg2 e5 9. O-O Nbd7 10. b4 {[%emt 0:04:12] White is slightly better.} c6 11. dxc6 {[%emt 0:11:54] White is more active.} Bxc6 12. Qb3 Rc8 13. Bb2 Ne4 14. Nd5 (14. Nd4 $5 exd4 15. Nxe4 $11) 14... Ndf6 15. Rfd1 Qe8 {[%emt 0:05:30] aiming for ...Nxd5.} 16. a4 Bxd5 17. cxd5 Qd7 {[%emt 0:00:51] Prevents Bh3} (17... Ng4 $11) 18. h3 (18. Ne1 $14) 18... a5 $11 19. Nd2 Qf5 20. Nxe4 Nxe4 21. Qd3 (21. Qf3 {simplifies} Qxf3 22. Bxf3 Nc3 23. Bxc3 Rxc3 24. bxa5 bxa5 25. Rab1) 21... Qxf2+ 22. Kh2 {[%emt 0:00:04] [#]} Nxg3 23. Qxg3 Qxe2 24. Bc3 $40 {[%emt 0:02:01][%cal Bb2c3,Bc3b4,Bb4d6][%mdl 160] White is up to no good.} axb4 25. Bxb4 Rc2 26. Rac1 Rfc8 $2 (26... f5 $11 {and Black is okay.} 27. Rxc2 Qxc2) 27. Rd2 $1 $18 Rxd2 (27... Qxd2 $18 28. Bxd2 Rxc1 29. Bxc1 Rxc1) 28. Rxc8+ {[%emt 0:00:05] White mates.} Bf8 29. Bxd6 h6 30. Bxf8 g6 31. Bxh6+ Kh7 32. Bxd2 Qxd2 33. Qh4+ Qh6 {[%emt 0:00:39] [#]} 34. Rh8+ $3 Kxh8 35. Qxh6+ Kg8 36. d6 {[%emt 0:00:04] Weighted Error Value: White=0.11 (very precise) /Black=0.49.  Loses game:     	---       	Black=1      Mistake:       	White=1     	Black=3      Inaccurate:     	White=3     	---        OK:         	White=4     	Black=7      Best:        	White=2     	Black=2      Strong:       	White=1     	---} 1-0

[Event "Austrian Women Bundesliga 2023-24"]
[Site "Austria"]
[Date "2024.03.22"]
[Round "4.9"]
[White "Teuschler, Barbara"]
[Black "Katter, Katharina"]
[Result "0-1"]
[ECO "B94"]
[WhiteElo "2048"]
[BlackElo "1932"]
[Annotator "RC"]
[PlyCount "88"]
[EventDate "2023.11.21"]
[EventType "team-tourn"]
[EventCountry "AUT"]
[SourceTitle "playchess.com"]
[Source "ChessBase"]
[SourceQuality "1"]
[TimeControl "40/5400+30:1800+30"]

1. e4 c5 2. Nf3 d6 3. d4 cxd4 4. Nxd4 Nf6 5. Nc3 a6 6. Bg5 Nbd7 7. Bc4 e6 8. Qe2 b5 9. Bb3 Bb7 10. O-O-O b4 11. Na4 Be7 12. f3 O-O 13. h4 Qc7 14. Kb1 Rfe8 15. Rhe1 Nc5 16. Qf2 Rac8 17. Ne2 d5 18. e5 Nxb3 19. cxb3 Qxe5 20. g4 Qb8 21. Nd4 Bc6 22. Qd2 Bd7 23. Bf4 Bd6 24. Bg5 Be7 25. Bf4 Bd6 26. Bg5 Bxa4 27. bxa4 Nd7 28. h5 b3 29. Rf1 bxa2+ 30. Kxa2 Ne5 31. b3 Qb6 32. h6 Qc5 33. Qb2 Qc3 34. hxg7 Qxb2+ 35. Kxb2 Kxg7 36. Rh1 Bb4 37. Rh3 Bc3+ 38. Ka3 Bxd4 39. Rxd4 f6 40. Bd2 Rc2 41. Bh6+ Kg6 42. Rb4 Nf7 43. Be3 e5 44. Rb6 d4 0-1

[Event "Austrian Women Bundesliga 2023-24"]
[Site "Austria"]
[Date "2024.03.22"]
[Round "4.10"]
[White "Batyte, Daiva"]
[Black "Mandukhai, Myagmarsuren"]
[Result "0-1"]
[ECO "D47"]
[WhiteElo "2046"]
[BlackElo "2083"]
[Annotator "RC"]
[PlyCount "62"]
[EventDate "2023.11.21"]
[EventType "team-tourn"]
[EventCountry "AUT"]
[SourceTitle "playchess.com"]
[Source "ChessBase"]
[SourceQuality "1"]
[TimeControl "40/5400+30:1800+30"]

1. d4 d5 2. c4 c6 3. Nc3 Nf6 4. Nf3 e6 5. e3 Nbd7 6. Bd3 dxc4 7. Bxc4 b5 8. Bd3 Bd6 9. e4 e5 10. d5 cxd5 11. Nxd5 Nxd5 12. exd5 h6 13. O-O a6 14. a4 O-O 15. axb5 f5 16. Bc4 axb5 17. Rxa8 bxc4 18. Re1 Qc7 19. h3 Nc5 20. Ra3 Nd3 21. Rc3 e4 22. Nd2 Bh2+ 23. Kf1 Qa7 24. Re2 f4 25. Nxe4 Qd7 26. d6 Qxh3 27. Re3 fxe3 28. Rxd3 cxd3 29. Qxd3 Qe6 30. Bxe3 Qa2 31. d7 Ba6 0-1

[Event "Austrian Women Bundesliga 2023-24"]
[Site "Austria"]
[Date "2024.03.22"]
[Round "4.11"]
[White "Deak-Sala, Emilia"]
[Black "Katter, Marlene"]
[Result "1-0"]
[ECO "A08"]
[WhiteElo "2014"]
[BlackElo "1902"]
[Annotator "RC"]
[PlyCount "103"]
[EventDate "2023.11.21"]
[EventType "team-tourn"]
[EventCountry "AUT"]
[SourceTitle "playchess.com"]
[Source "ChessBase"]
[SourceQuality "1"]
[TimeControl "40/5400+30:1800+30"]

1. Nf3 Nf6 2. g3 d5 3. Bg2 e6 4. O-O Be7 5. d3 O-O 6. Nbd2 c5 7. e4 Nc6 8. Re1 Qc7 9. Nf1 Re8 10. e5 Nd7 11. Bf4 b5 12. h4 Qd8 13. Bh3 Nf8 14. h5 h6 15. N1h2 Nh7 16. Bf1 Ba6 17. d4 c4 18. a3 Rb8 19. c3 Na5 20. Be2 Bc8 21. Rb1 Nb3 22. Nd2 Nxd2 23. Qxd2 a6 24. Bd1 Bd7 25. Bc2 Bg5 26. Bxg5 Qxg5 27. Qe2 Rf8 28. Kg2 f5 29. f4 Qe7 30. Rg1 Rb6 31. Kh1 Rf7 32. g4 Qh4 33. Rbf1 Kh8 34. Rg2 Bc8 35. Kg1 Qd8 36. Qf2 Rbb7 37. Qg3 fxg4 38. Nxg4 Qf8 39. Ne3 a5 40. Qg6 Qg8 41. Qg3 Qd8 42. Kh1 Rb8 43. Rfg1 Qf8 44. Qg6 Qg8 45. Qxh6 Bd7 46. Qxh7+ Qxh7 47. Bxh7 Kxh7 48. Kh2 Rbf8 49. Rg3 Re7 50. h6 gxh6 51. Ng4 Kh8 52. Nf6 1-0

[Event "Austrian Women Bundesliga 2023-24"]
[Site "Austria"]
[Date "2024.03.22"]
[Round "4.12"]
[White "Zoehrer, Sarah"]
[Black "Bakalarz, Grazyna"]
[Result "1/2-1/2"]
[ECO "D00"]
[WhiteElo "1801"]
[BlackElo "1923"]
[Annotator "RC"]
[PlyCount "69"]
[EventDate "2023.11.21"]
[EventType "team-tourn"]
[EventCountry "AUT"]
[SourceTitle "playchess.com"]
[Source "ChessBase"]
[SourceQuality "1"]
[TimeControl "40/5400+30:1800+30"]

1. d4 d5 2. Bf4 Bf5 3. Nf3 e6 4. e3 Bd6 5. Bg3 Nf6 6. c4 Bxb1 7. Rxb1 Bb4+ 8. Ke2 Bd6 9. c5 Bxg3 10. hxg3 Nbd7 11. Ke1 c6 12. Bd3 b5 13. b4 a5 14. a3 axb4 15. axb4 Ra2 16. Ne5 Qa8 17. Rh4 h6 18. g4 Nxe5 19. dxe5 Nd7 20. f4 Rxg2 21. Be2 Rg1+ 22. Bf1 Qa2 23. Ra1 Qg2 24. Qe2 Qg3+ 25. Qf2 O-O 26. Qxg3 Rxg3 27. Kf2 g5 28. Kxg3 gxh4+ 29. Kxh4 f6 30. exf6 Rxf6 31. Ra8+ Kf7 32. Rc8 e5 33. f5 e4 34. Kh5 Ne5 35. Rc7+ 1/2-1/2

[Event "Austrian Women Bundesliga 2023-24"]
[Site "Austria"]
[Date "2024.03.22"]
[Round "4.13"]
[White "Terbe, Julianna"]
[Black "Berke, Ana"]
[Result "1/2-1/2"]
[ECO "A33"]
[WhiteElo "2289"]
[BlackElo "2066"]
[Annotator "TA"]
[PlyCount "61"]
[EventDate "2023.11.21"]
[EventType "team-tourn"]
[EventCountry "AUT"]
[SourceTitle "playchess.com"]
[Source "ChessBase"]
[SourceQuality "1"]
[TimeControl "40/5400+30:1800+30"]

1. Nf3 c5 2. c4 Nc6 3. d4 cxd4 4. Nxd4 Nf6 5. Nc3 e6 6. e4 Bb4 7. Nxc6 bxc6 8. Bd3 e5 9. O-O O-O 10. Qc2 Bc5 11. a3 a5 12. Rb1 Rb8 13. Na4 Bd4 14. b4 axb4 15. axb4 d5 16. cxd5 ({White should play} 16. exd5 $11 cxd5 17. c5) 16... cxd5 $15 17. Bg5 dxe4 18. Bxe4 h6 19. Bxf6 Qxf6 20. Nc3 Bb7 (20... Bd7 $17 {Black wants to play ...Rbc8.} 21. Nd5 Qg5) 21. Bxb7 Rxb7 22. Ne2 Qd6 23. b5 {[%emt 0:07:07] The position is equal.} Rfb8 (23... Ba7 {with more complications.} 24. Rfd1 Qg6 25. Qc6 Rfb8) 24. Nxd4 exd4 25. Qd3 g6 26. g3 h5 27. Rfd1 Kg7 28. Qxd4+ Qxd4 29. Rxd4 Rxb5 30. Rxb5 Rxb5 31. Kg2 {[%emt 0:00:05] Weighted Error Value: White=0.09 (flawless) /Black=0.10 (very precise) .  Mistake:       	White=1     	Black=1      Inaccurate:     	White=1     	Black=1      OK:         	White=8     	Black=4      Best:        	White=1     	Black=2} 1/2-1/2

[Event "Austrian Women Bundesliga 2023-24"]
[Site "Austria"]
[Date "2024.03.22"]
[Round "4.14"]
[White "Kopinits, Anna-Christina"]
[Black "Terbe, Zsuzsanna"]
[Result "1/2-1/2"]
[ECO "D00"]
[WhiteElo "2170"]
[BlackElo "2178"]
[Annotator "RC"]
[PlyCount "90"]
[EventDate "2023.11.21"]
[EventType "team-tourn"]
[EventCountry "AUT"]
[SourceTitle "playchess.com"]
[Source "ChessBase"]
[SourceQuality "1"]
[TimeControl "40/5400+30:1800+30"]

1. d4 d5 2. Bf4 Nf6 3. e3 c5 4. c3 Nc6 5. Nd2 e6 6. Ngf3 Nh5 7. Be5 f6 8. Nh4 g6 9. Bg3 cxd4 10. exd4 Bd6 11. Bd3 Ng7 12. O-O O-O 13. Re1 Bxg3 14. hxg3 e5 15. dxe5 fxe5 16. c4 Be6 17. cxd5 Bxd5 18. Bc4 Bxc4 19. Nxc4 Qd4 20. Qe2 b5 21. Nxe5 Nxe5 22. Qxe5 Qxf2+ 23. Kh2 a6 24. Rf1 Qb6 25. Rxf8+ Rxf8 26. Rc1 Re8 27. Qd5+ Qe6 28. Qb7 Nh5 29. Nf3 Nf6 30. Kh1 Ng4 31. Qc6 Qxc6 32. Rxc6 Re2 33. Rxa6 Rxb2 34. a4 bxa4 35. Rxa4 Rb1+ 36. Ng1 h5 37. Ra7 Rc1 38. Rb7 Nf2+ 39. Kh2 Ng4+ 40. Kh1 Kf8 41. Ra7 Ne3 42. Ra3 Nf1 43. Nf3 Nxg3+ 44. Kh2 Nf5 45. Ne5 Kg7 1/2-1/2

[Event "Austrian Women Bundesliga 2023-24"]
[Site "Austria"]
[Date "2024.03.22"]
[Round "4.15"]
[White "Karacsonyi, Kata"]
[Black "Kushka, Alena"]
[Result "1-0"]
[ECO "B38"]
[WhiteElo "2137"]
[BlackElo "2146"]
[Annotator "RC"]
[PlyCount "106"]
[EventDate "2023.11.21"]
[EventType "team-tourn"]
[EventCountry "AUT"]
[SourceTitle "playchess.com"]
[Source "ChessBase"]
[SourceQuality "1"]
[TimeControl "40/5400+30:1800+30"]

1. e4 c5 2. Nf3 Nc6 3. d4 cxd4 4. Nxd4 g6 5. c4 Bg7 6. Be3 Qb6 7. Nb5 Qa5+ 8. N1c3 Nf6 9. f3 O-O 10. Qd2 d6 11. Nd5 Qxd2+ 12. Kxd2 Bd7 13. Rb1 Rfc8 14. b4 Nxd5 15. cxd5 Ne5 16. Nxa7 Rxa7 17. Bxa7 Ra8 18. Bd4 Nxf3+ 19. gxf3 Bxd4 20. Bc4 b5 21. Bb3 f5 22. Kd3 Bb6 23. h4 Kf7 24. Rh2 Kf6 25. a4 bxa4 26. Ra2 fxe4+ 27. fxe4 Ke5 28. Rba1 Bd4 29. Rc1 Ra7 30. Bc4 a3 31. Rb1 Bb2 32. b5 e6 33. dxe6 Bxe6 34. b6 Ra8 35. Bxe6 Kxe6 36. b7 Rb8 37. Rbxb2 axb2 38. Rxb2 Kd7 39. Kd4 Kc6 40. Rc2+ Kxb7 41. Kd5 Re8 42. Rc4 g5 43. hxg5 Re5+ 44. Kxd6 Rxg5 45. e5 Rg1 46. e6 Rd1+ 47. Ke5 Re1+ 48. Kf6 Rf1+ 49. Kg7 Rg1+ 50. Kf7 Rf1+ 51. Ke8 Re1 52. e7 h5 53. Rf4 Kc6 1-0

[Event "Austrian Women Bundesliga 2023-24"]
[Site "Austria"]
[Date "2024.03.22"]
[Round "4.16"]
[White "Kejzar, Petra"]
[Black "Exler, Veronika"]
[Result "0-1"]
[ECO "D30"]
[WhiteElo "2049"]
[BlackElo "2157"]
[Annotator "RC"]
[PlyCount "66"]
[EventDate "2023.11.21"]
[EventType "team-tourn"]
[EventCountry "AUT"]
[SourceTitle "playchess.com"]
[Source "ChessBase"]
[SourceQuality "1"]
[TimeControl "40/5400+30:1800+30"]

1. d4 d5 2. c4 e6 3. Nf3 Nf6 4. g3 Bb4+ 5. Nbd2 dxc4 6. Bg2 b5 7. O-O c6 8. a4 O-O 9. b3 cxb3 10. Nxb3 Bc3 11. Rb1 a5 12. Bg5 b4 13. Ne5 h6 14. Bxf6 gxf6 15. Ng4 h5 16. Ne3 h4 17. gxh4 f5 18. f4 Qxh4 19. Rf3 Rd8 20. Nc4 Ra7 21. Ne5 c5 22. Nxc5 Bxd4+ 23. Kh1 Bxe5 24. Qg1 Bd4 25. Qc1 Nd7 26. Nb3 Bc3 27. Qe3 Ra6 28. Rg1 Nf8 29. Rh3 Qe7 30. Bb7+ Ng6 31. Bxa6 Bxa6 32. Qg3 Bb7+ 33. Rg2 Rd1+ 0-1

[Event "Austrian Women Bundesliga 2023-24"]
[Site "Austria"]
[Date "2024.03.22"]
[Round "4.17"]
[White "Polterauer, Chiara"]
[Black "Heinatz, Gundula"]
[Result "1/2-1/2"]
[ECO "B12"]
[WhiteElo "2194"]
[BlackElo "2116"]
[Annotator "RC"]
[PlyCount "60"]
[EventDate "2023.11.21"]
[EventType "team-tourn"]
[EventCountry "AUT"]
[SourceTitle "playchess.com"]
[Source "ChessBase"]
[SourceQuality "1"]
[TimeControl "40/5400+30:1800+30"]

1. e4 c6 2. d4 d5 3. e5 Bf5 4. h4 h6 5. g4 Bd7 6. Nc3 e6 7. Be3 Qc7 8. Nf3 c5 9. Nb5 Bxb5 10. Bxb5+ Nc6 11. c3 a6 12. Qa4 Rc8 13. Bxc6+ Qxc6 14. Qxc6+ Rxc6 15. dxc5 Bxc5 16. Bxc5 Rxc5 17. h5 Ne7 18. Nd4 Kd7 19. O-O-O b5 20. a3 Nc6 21. Nxc6 Rxc6 22. Rd4 Rhc8 23. Rhd1 a5 24. R1d3 Rc4 25. Kd2 a4 26. Rf3 Ke7 27. Rfd3 Rf8 28. f4 f6 29. exf6+ Rxf6 30. Ke3 Kd6 1/2-1/2

[Event "Austrian Women Bundesliga 2023-24"]
[Site "Austria"]
[Date "2024.03.22"]
[Round "4.18"]
[White "Novkovic, Julia"]
[Black "Schloffer, Jasmin-Denise"]
[Result "1/2-1/2"]
[ECO "C78"]
[WhiteElo "2096"]
[BlackElo "2167"]
[Annotator "RC"]
[PlyCount "119"]
[EventDate "2023.11.21"]
[EventType "team-tourn"]
[EventCountry "AUT"]
[SourceTitle "playchess.com"]
[Source "ChessBase"]
[SourceQuality "1"]
[TimeControl "40/5400+30:1800+30"]

1. e4 e5 2. Nf3 Nc6 3. Bb5 a6 4. Ba4 Nf6 5. O-O b5 6. Bb3 Bc5 7. d3 d6 8. c3 O-O 9. Re1 h6 10. Nbd2 Re8 11. Nf1 Be6 12. Bc2 d5 13. exd5 Bxd5 14. Ne3 Be6 15. a4 Rb8 16. axb5 axb5 17. Nxe5 Nxe5 18. d4 Bd6 19. dxe5 Bxe5 20. Qxd8 Rbxd8 21. Ra5 c6 22. Ra7 c5 23. Rd1 Rxd1+ 24. Bxd1 Rd8 25. g3 b4 26. cxb4 cxb4 27. Bf3 b3 28. Ra8 Rxa8 29. Bxa8 Nd7 30. Kf1 Nc5 31. Ke2 Na4 32. Nd1 Bc4+ 33. Kd2 Kf8 34. Be4 Nc5 35. Bb1 g5 36. Ne3 Be6 37. Bf5 Bxf5 38. Nxf5 Na4 39. Kd3 Bxb2 40. Bxb2 Nxb2+ 41. Kc3 Nd1+ 42. Kxb3 Nxf2 43. Kc4 h5 44. h4 f6 45. Kd4 Kf7 46. Kd5 Ng4 47. Ke4 gxh4 48. gxh4 Ne5 49. Kf4 Ng6+ 50. Kf3 Ne7 51. Nd6+ Ke6 52. Ne8 Kf7 53. Nd6+ Kg6 54. Ke4 Ng8 55. Kf4 Nh6 56. Ke4 Nf7 57. Ne8 Nd8 58. Nd6 Ne6 59. Nf5 Ng7 60. Nd6 1/2-1/2